 Dungeon Crawl Stone Soup version 0.18-a0-1185-g2fe3d93 (console) character file.

14011 Kramin the Unseen (level 11, -2/68 HPs)
             Began as a Vampire Enchanter on Jan 28, 2016.
             Was the Champion of Cheibriados.
             Slain by a five-headed hydra (14 damage)
             ... on level 2 of the Lair of Beasts.
             The game lasted 00:45:00 (10797 turns).

Kramin the Unseen (Vampire Enchanter)              Turns: 10797, Time: 00:45:00

Health: -2/68      AC: 15    Str: 26    XL:     11   Next: 83%
Magic:  16/18      EV: 21    Int: 36    God:    Cheibriados [******]
Gold:   576        SH:  8    Dex: 36    Spells: 4 memorised, 11 levels left

rFire  . . .     SeeInvis +     a - +2 dagger (protect)
rCold  + + +     Gourm    .     u - +2 ring mail {MR+}
rNeg   + + +     Faith    .     k - +0 buckler
rPois  +         Spirit   .     t - +1 helmet
rElec  .         Dismiss  .     M - +0 cloak
rCorr  .         Reflect  .     (no gloves)
SustAt .         Harm     .     (no boots)
MR     ++...                    y - amulet of magic regeneration
Stlth  +++++++++.               n - ring of stealth
                                F - ring "Tomiehec" {rC+ Str+4 Int+2 Dex+4}

@: regenerating slowly, very slow, very resistant to hostile enchantments,
incredibly stealthy
A: fangs 3, see invisible, unbreathing
a: Bat Form, Bend Time, Temporal Distortion, Slouch, Step From Time, Renounce
Religion


You were on level 2 of the Lair of Beasts.
You worshipped Cheibriados.
Cheibriados was exalted by your worship.
You were near bloodless.

You visited 3 branches of the dungeon, and saw 12 of its levels.
You also visited: Sewer and Bailey.

You collected 576 gold pieces.

Inventory:

Hand Weapons
 a - a +2 dagger of protection (weapon)
Armour
 k - a +0 buckler (worn)
 t - a +1 helmet (worn)
 u - a +2 ring mail of magic resistance (worn)
 M - a +0 cloak (worn)
Jewellery
 n - a ring of stealth (right hand)
 y - an amulet of magic regeneration (around neck)
 F - the ring "Tomiehec" (left hand) {rC+ Str+4 Int+2 Dex+4}
   (You found it on level 6 of the Dungeon)

   [ring of strength]

   It affects your strength (+4).
   It affects your intelligence (+2).
   It affects your dexterity (+4).
   It protects you from cold.
 G - an uncursed ring of wizardry
 O - an uncursed ring of resist corrosion
Wands
 e - a wand of invisibility (4/9)
 w - a wand of magic darts (36/48)
 E - a wand of frost (24/48)
 H - a wand of paralysis (8/24)
 P - a wand of paralysis (5/24)
Scrolls
 h - 7 scrolls of remove curse
 l - 4 scrolls of enchant armour
 m - 2 scrolls of enchant weapon
 o - 3 scrolls of fear
 q - 3 scrolls of recharging
 s - 3 scrolls of teleportation
 A - 2 scrolls of magic mapping
 B - 2 scrolls of fog {unknown}
 C - 3 scrolls of amnesia {unknown}
 J - a scroll of silence {unknown}
 K - 3 scrolls of torment {unknown}
 L - 2 scrolls of immolation {unknown}
Potions
 b - a potion of invisibility {unknown}
 d - 12 potions of blood
 f - 2 potions of brilliance
 g - 9 potions of curing
 i - a potion of resistance {unknown}
 j - a potion of cure mutation {unknown}
 p - 3 potions of ambrosia
 r - 9 potions of heal wounds
 v - 2 potions of lignification
 x - 9 potions of magic
 z - 4 potions of might
 D - a potion of agility {unknown}
 I - a potion of experience {unknown}
 Q - 2 potions of poison {unknown}
Books
 c - a book of Maledictions

   Spells                             Type                      Level
   a - Corona                         Hexes                        1
   b - Ensorcelled Hibernation        Hexes/Ice                    2
   c - Confuse                        Hexes                        3
   d - Tukima's Dance                 Hexes                        3
   e - Dazzling Spray                 Conjuration/Hexes            3
Miscellaneous
 N - a phantom mirror


   Skills:
 + Level 6.6 Short Blades
 + Level 7.8 Dodging
 * Level 16.9 Stealth
 - Level 5.1 Shields
 - Level 5.0 Spellcasting
 - Level 13.3 Hexes
 - Level 3.8 Ice Magic


You had 11 spell levels left.
You knew the following spells:

 Your Spells              Type           Power        Failure   Level  Hunger
a - Corona                Hex            #######      1%          1    None
c - Ensorcelled Hibernat  Hex/Ice        ######       1%          2    None
d - Confuse               Hex            #######.     1%          3    None
e - Tukima's Dance        Hex            #######.     1%          3    None


Dungeon Overview and Level Annotations

Branches:
Dungeon (9/15)             Temple (1/1) D:4            Lair (2/8) D:9
    Orc: D:9-12

Altars:
Ashenzari
Cheibriados
Dithmenos
Elyvilon
Fedhas
Gozag
Kikubaaqudgha
Makhleb
Nemelex Xobeh
Pakellas
Qazlal
Trog
Xom
Yredelemnul

Shops:
D:3 }


Innate Abilities, Weirdness & Mutations

You heal slowly.
You have razor-sharp teeth.
You have supernaturally acute eyesight.
You can survive without breathing.


Message History

Casting: Ensorcelled Hibernation
Confirm with . or Enter, or press ? or * to list all spells.
Aiming: Ensorcelled Hibernation
Press: ? - help, Shift-Dir - straight line, f - five-headed hydra
Aim: a five-headed hydra (chance to defeat MR: 37%)
The five-headed hydra easily resists.
You block the five-headed hydra's attack.
The five-headed hydra bites you!
You block the five-headed hydra's attack.
The five-headed hydra bites you! The five-headed hydra bites you.
* * * LOW HITPOINT WARNING * * *
The five-headed hydra bites you!
* * * LOW HITPOINT WARNING * * *
The five-headed hydra bites you.
* * * LOW HITPOINT WARNING * * *
You block the five-headed hydra's attack.
The five-headed hydra bites you.
* * * LOW HITPOINT WARNING * * *
The five-headed hydra bites you!
You die...

##.#.###..## #..###.
#..........# ##......
##..#####...###...P.#. #...##
#.##.#.....### ##...#
####...P...#### ###
#P..######..#.###.P#P#
###.###P..###.#.....###.....
###...........#............#..
##............@D...#...........
#..#...###.....#...#.####...##.
##.#.#####...........# ##.####
#...####..#..P...#### ##.# ##
#.#.##....#..##..# #...##.
#...#............# ##.....
#.#.#..#..#....#.# ##..#P
#.#....#.........# ##
#...P.P#.P.....### ##


You could see a five-headed hydra.

Vanquished Creatures
  A hydra (Lair:1)
  The ghost of Herrn the Fighter, a novice FoWn (D:6)
  Pikel (D:7)
  An orc knight (Bailey)
  6 elephants (Lair:2)
  Joseph (D:7)
  A black mamba (Lair:2)
  3 spiny frogs
  Psyche (D:8)
  A komodo dragon (Lair:1)
  3 trolls (D:8)
  A two-headed ogre (D:9)
  Sigmund (D:3)
  A human (D:7)
  3 hippogriffs
  A basilisk (Lair:2)
  2 wolves (Lair:2)
  5 porcupines
  Duvessa (D:7)
  3 water moccasins
  A sky beast (D:9)
  4 ice beasts
  4 orc warriors
  A phantom (D:8)
  A necrophage (D:9)
  3 ogres (D:5)
  4 centaurs
  2 crocodiles
  A big kobold (D:9)
  6 giant frogs
  Dowan (D:7)
  5 killer bees (D:9)
  6 wights
  4 crimson imps
  A giant frog zombie (D:9)
  A centaur zombie (D:6)
  3 centaur skeletons
  4 hounds
  2 jellies
  5 orc priests
  6 iguanas
  Terence (D:3)
  Natasha (thrice) (D:3)
  13 orc wizards
  7 worker ants
  4 sheep (D:7)
  A hound skeleton (D:4)
  A worker ant zombie (D:9)
  14 gnolls
  13 adders
  2 shadow imps (D:5)
  3 oozes
  An adder zombie (D:5)
  An adder skeleton (D:9)
  5 worms
  7 giant geckos
  41 orcs
  5 giant cockroaches
  19 hobgoblins
  11 jackals
  9 quokkas
  6 ball pythons
  9 bats
  A giant gecko skeleton (D:3)
  2 giant gecko zombies
  10 giant newts
  4 goblins
  A jackal zombie (D:5)
  24 kobolds
  18 rats
339 creatures vanquished.

Vanquished Creatures (others)
  A wight (D:7)
  A quasit (D:7)
  A hound skeleton (D:7)
  A jackal (D:7)
  A quokka (D:7)
  9 fungi
14 creatures vanquished.

Grand Total: 353 creatures vanquished

Notes
Turn   | Place    | Note
--------------------------------------------------------------
     0 | D:1      | Kramin the Vampire Enchanter began the quest for the Orb.
     0 | D:1      | Reached XP level 1. HP: 13/13 MP: 3/3
   358 | D:1      | Reached XP level 2. HP: 19/19 MP: 5/5
   362 | D:1      | Learned a level 2 spell: Ensorcelled Hibernation
   451 | D:1      | Reached skill level 5 in Hexes
   737 | D:2      | Reached XP level 3. HP: 24/24 MP: 0/6
   843 | D:2      | Reached skill level 5 in Stealth
  1437 | D:2      | Reached XP level 4. HP: 30/30 MP: 4/7
  2125 | D:3      | Noticed Terence
  2129 | D:3      | Killed Terence
  2129 | D:3      | Reached skill level 6 in Hexes
  2137 | D:3      | Noticed Natasha
  2149 | D:3      | Killed Natasha
  2210 | D:3      | Reached XP level 5. HP: 35/35 MP: 3/8
  2353 | D:3      | Noticed Natasha
  2369 | D:3      | Killed Natasha
  2502 | D:3      | Noticed Natasha
  2531 | D:3      | Killed Natasha
  2556 | D:3      | Reached skill level 7 in Hexes
  2557 | D:3      | Found an oddly glowing altar of Pakellas.
  2557 | D:3      | Found Pakellas's Prime Provisions.
  3059 | D:3      | Noticed Sigmund
  3064 | D:3      | Killed Sigmund
  3064 | D:3      | Reached skill level 8 in Hexes
  3064 | D:3      | Reached XP level 6. HP: 41/41 MP: 6/9
  3069 | D:3      | Learned a level 3 spell: Confuse
  3073 | D:3      | Learned a level 3 spell: Tukima's Dance
  3698 | D:4      | Found a staircase to the Ecumenical Temple.
  3731 | Temple   | Entered the Ecumenical Temple
  3746 | Temple   | Became a worshipper of Cheibriados the Contemplative
  3815 | D:4      | Reached skill level 1 in Shields
  3826 | D:4      | Reached XP level 7. HP: 46/46 MP: 1/10
  4293 | D:4      | Reached * piety under Cheibriados
  4293 | D:4      | Reached skill level 9 in Hexes
  4418 | D:5      | Entered Level 5 of the Dungeon
  4507 | D:5      | Found an opulent altar of Gozag.
  4554 | D:5      | Found a shattered altar of Ashenzari.
  4628 | D:5      | Reached skill level 10 in Hexes
  4628 | D:5      | Reached XP level 8. HP: 52/52 MP: 1/11
  4761 | D:5      | Reached ** piety under Cheibriados
  4780 | D:5      | Found a glowing drain.
  4784 | Sewer    | Entered a sewer
  5268 | D:5      | Found a sparkling altar of Nemelex Xobeh.
  5530 | D:5      | Reached skill level 11 in Hexes
  5761 | D:6      | Reached *** piety under Cheibriados
  5807 | D:6      | Reached skill level 1 in Ice Magic
  5867 | D:6      | Got a brightly glowing platinum ring
  5869 | D:6      | Identified the ring "Tomiehec" {rC+ Str+4 Int+2 Dex+4} (You found it on level 6 of the Dungeon)
  5938 | D:6      | Noticed Herrn's ghost (novice FoWn)
  5956 | D:6      | Killed Herrn's ghost
  5956 | D:6      | Reached skill level 12 in Hexes
  5956 | D:6      | Reached XP level 9. HP: 48/57 MP: 6/12
  6304 | D:6      | Reached **** piety under Cheibriados
  6594 | D:7      | Noticed Joseph
  6598 | D:7      | Killed Joseph
  6598 | D:7      | Reached skill level 5 in Shields
  6598 | D:7      | Reached skill level 13 in Hexes
  6694 | D:7      | Noticed Pikel
  6698 | D:7      | Killed Pikel
  6698 | D:7      | Reached skill level 10 in Stealth
  6955 | D:7      | Reached XP level 10. HP: 63/63 MP: 11/14
  7145 | D:7      | Reached ***** piety under Cheibriados
  7236 | D:7      | Noticed Duvessa
  7238 | D:7      | Noticed Dowan
  7239 | D:7      | Killed Duvessa
  7244 | D:7      | Killed Dowan
  7632 | D:8      | Noticed Psyche
  7641 | D:8      | Killed Psyche
  7676 | D:8      | Found a bloodstained altar of Trog.
  7676 | D:8      | Found an oddly glowing altar of Pakellas.
  7678 | D:8      | Found a shadowy altar of Dithmenos.
  7680 | D:8      | Found a flagged portal.
  7696 | Bailey   | Entered a bailey
  7829 | Bailey   | Noticed an orc knight
  7910 | Bailey   | Killed an orc knight
  8064 | D:8      | Found an ancient bone altar of Kikubaaqudgha.
  8078 | D:8      | Found a white marble altar of Elyvilon.
  8080 | D:8      | Found a burning altar of Makhleb.
  8081 | D:8      | Found a shimmering altar of Xom.
  8132 | D:8      | Reached skill level 5 in Dodging
  8759 | D:9      | Reached ****** piety under Cheibriados
  8788 | D:9      | Reached skill level 14 in Stealth
  8949 | D:9      | Found a staircase to the Lair.
  9018 | D:9      | Reached skill level 5 in Spellcasting
  9192 | D:9      | Reached XP level 11. HP: 64/68 MP: 15/18
  9551 | Lair:1   | Entered Level 1 of the Lair of Beasts
  9561 | Lair:1   | Noticed an eight-headed hydra
  9566 | Lair:1   | Killed an eight-headed hydra
  9573 | Lair:1   | Reached skill level 15 in Stealth
  9654 | Lair:1   | Reached skill level 5 in Short Blades
 10506 | Lair:2   | Reached skill level 16 in Stealth
 10791 | Lair:2   | Noticed a five-headed hydra
 10797 | Lair:2   | Slain by a five-headed hydra

Vault maps used:
D:1:      dpeg_arrival_tiny_f
D:3:      johnstein_pakellas_shop, uniq_terence, uniq_sigmund, uniq_natasha
D:4:      minmay_temple_entry_mist, first_bread, cheibrodos_gnoll_hut
D:5:      grunt_gozag_statues, gup_sewer_entry_spiral, hangedman_feature_mirror
D:6:      kennysheep_generic_room_3
D:7:      grunt_livestock, uniq_pikel, uniq_joseph, uniq_duvessa
D:8:      wad_woods_settlement, grunt_temple_overflow_open, enter_bailey_2,
          serial_glass, glass_columns_c, glass_columns_a, glass_columns_c,
          glass_columns_b, glass_columns_a, glass_columns_a, glass_columns_a,
          glass_columns_c, glass_columns_b, glass_columns_b, uniq_psyche
D:9:      dpeg_oklobed_lair
Temple:   water_room_temple_b_12
Lair:1:   lemuel_fruit_tree, serial_bayou_shore_b, lemuel_fruit_fields,
          infiniplex_staircase_pool_2
Lair:2:   beast_lair_carwin_3, infiniplex_staircase_pool
Sewer:    sewer_co_cracked_pipes
Bailey:   bailey_axe_2, bailey

Action                   |  1- 3 |  4- 6 |  7- 9 | 10-12 || total
-------------------------+-------+-------+-------+-------++-------
Melee: Dagger            |    39 |    93 |   261 |   222 ||   615
 Cast: Corona            |     3 |       |       |       ||     3
       Ensorcelled Hiber |    17 |    41 |    89 |   110 ||   257
       Confuse           |       |       |    13 |    10 ||    23
  Use: Scroll            |       |       |    13 |     3 ||    16
 Stab: Sleeping          |    25 |    39 |    94 |   110 ||   268
       Confused          |       |       |    10 |     6 ||    16
